 Dungeon Crawl Stone Soup version 0.31-a0-237-g2d982f9f85 (webtiles) character file.

Game seed: 9393765254230275734

2659 qw the Skirmisher (level 9, -5/79 HPs)
             Began as a Minotaur Hexslinger on July 11, 2023.
             Was an Initiate of Okawaru.
             Slain by a two-headed ogre
             ... wielding a +0 giant club
              (13 damage)
             ... on level 10 of the Dungeon.
             The game lasted 00:02:45 (7413 turns).

qw the Skirmisher (Minotaur Hexslinger)             Turns: 7413, Time: 00:02:46

Health: -5/79      AC: 15    Str: 13    XL:     9   Next: 36%
Magic:  9/9        EV: 12    Int: 10    God:    Okawaru [......]
Gold:   826        SH:  0    Dex: 17    Spells: 9/10 levels left

rFire   + . .        j - +0 shortbow
rCold   . . .        (shield currently unavailable)
rNeg    . . .        a - +0 ring mail
rPois   .            (helmet restricted)
rElec   .            b - +2 cloak
rCorr   .            (no gloves)
SInv    .            k - +2 pair of boots
Will    .....        (no amulet)
Stlth   +            l - +4 ring of protection
HPRegen 0.33/turn    g - ring of protection from fire
MPRegen 0.11/turn

%: no passive effects
@: no status effects
A: horns 2, retaliatory headbutt
a: Renounce Religion


You were on level 10 of the Dungeon.
You worshipped Okawaru.
Okawaru was noncommittal.
You visited 2 branches of the dungeon, and saw 10 of its levels.

You collected 826 gold pieces.


Innate Abilities, Weirdness & Mutations

You have a pair of horns on your head.
You reflexively headbutt those who attack you in melee.


   Skills:
 - Level 7.0 Fighting
 + Level 11.7 Ranged Weapons
 - Level 3.1 Armour
 - Level 4.1 Dodging
 - Level 1.0 Spellcasting
 - Level 2.0 Hexes


You had 9 spell levels left.
You knew the following spells:

 Your Spells              Type           Power      Damage    Failure   Level
a - Slow                  Hex            16%        N/A       30%         1

Your spell library contained the following spells:

 Spells                   Type           Power      Damage    Failure   Level
 Inner Flame              Hex/Fire       2%         N/A       80%         3
 Portal Projectile        Hex/Tloc       4%         N/A       80%         3
 Cause Fear               Hex            2%         N/A       97%         4

Inventory:

Hand Weapons
 j - a +0 shortbow (weapon)
Armour
 a - a +0 ring mail (worn)
 b - a +2 cloak (worn)
 k - a +2 pair of boots (worn)
Jewellery
 c - a ring of fire
 g - a ring of protection from fire (right hand)
 l - a +4 ring of protection (left hand)
Scrolls
 e - a scroll of identify
Potions
 d - 2 potions of resistance
 f - a potion of magic {unknown}
 h - a potion of mutation
 i - a potion of curing
 n - a potion of might {unknown}
 o - a potion of enlightenment {unknown}

Dungeon Overview and Level Annotations

Branches:
Dungeon (8/15)             Temple (1/1) D:7
   Lair: D:8-11

Altars:
Ashenzari
Cheibriados
Dithmenos
Elyvilon
Fedhas
Gozag
Hepliaklqana
Kikubaaqudgha
Makhleb
Nemelex Xobeh
Okawaru
Qazlal
Ru
Sif Muna
Uskayaw
Vehumet
Xom
Zin

Portals:
Abyss: D:6

Annotations:
D:3 2 runed translucent doors, qw's ghost, amateur GrHs
D:6 2 transporters, qw's ghost, novice MiHs


Message History

The two-headed ogre is severely wounded.
You shoot an arrow.
The arrow hits the two-headed ogre but does no damage.
The two-headed ogre is severely wounded.
The two-headed ogre hits you with a +0 giant club!!
The two-headed ogre hits you with a +0 giant club!
7405 ||| DRINKING 2 potions of heal wounds.
You feel much better.
You shoot an arrow.
The arrow barely misses the two-headed ogre.
The two-headed ogre hits you with a +0 giant club.
The two-headed ogre barely misses you.
You shoot an arrow.
The arrow closely misses the two-headed ogre.
The two-headed ogre barely misses you. You furiously retaliate!
You headbutt the two-headed ogre. The two-headed ogre misses you.
You shoot an arrow.
The arrow closely misses the two-headed ogre.
You shoot an arrow.
The arrow hits the two-headed ogre but does no damage.
The two-headed ogre is severely wounded.
The two-headed ogre hits you with a +0 giant club!
The two-headed ogre barely misses you.
7410 ||| DRINKING potion of heal wounds.
You feel much better.
The two-headed ogre hits you with a +0 giant club!
The two-headed ogre barely misses you.
You shoot an arrow.
The arrow hits the two-headed ogre but does no damage.
The two-headed ogre is severely wounded.
You shoot an arrow.
The arrow hits the two-headed ogre but does no damage.
The two-headed ogre is severely wounded.
The two-headed ogre hits you with a +0 giant club!
The two-headed ogre hits you but does no damage.
You shoot an arrow. The arrow hits the two-headed ogre.
The two-headed ogre is severely wounded.
The two-headed ogre hits you with a +0 giant club.
The two-headed ogre hits you with a +0 giant club!
You die...

##...###.#....#
##'## #.###..#
######.# #......#
.....#.#########.#
.##.......# #.#
.##.#####.# #.#
....# # #.# .#..#
#.# ....# #@#
.##.# ..$...O.#
...... .########
.....# .#####


You could see a two-headed ogre.

Vanquished Creatures
  Sigmund (D:3)
  A steam dragon (D:4)
  3 water moccasins
  An ice beast (D:8)
  2 black bears
  An orc warrior (D:7)
  A centaur (D:8)
  2 bullfrogs
  Blork the orc (D:5)
  2 scorpions (D:6)
  3 wights (D:7)
  11 killer bees
  4 howler monkeys
  A hound (D:4)
  2 jellies (D:7)
  A sleepcap (D:7)
  Ijyb (D:3)
  2 iguanas
  4 orc wizards
  10 adders
  A shadow imp (D:6)
  2 ufetubi
  2 worms
  2 dart slugs (D:3)
  13 orcs
  6 ball pythons
  4 endoplasms
  6 giant cockroaches
  A goblin (D:2)
  5 hobgoblins
  6 jackals
  12 kobolds
  4 quokkas
  5 bats
  A frilled lizard (D:2)
  3 rats (D:2)
127 creatures vanquished.

Vanquished Creatures (others)
  A human (D:5)
1 creature vanquished.

Grand Total: 128 creatures vanquished

Notes
Turn   | Place    | Note
-------+----------+-------------------------------------------
     0 | D:1      | qw the Minotaur Hexslinger began the quest for the Orb.
     0 | D:1      | Reached XP level 1. HP: 16/16 MP: 1/1
     0 | D:1      | 0 ||| qw: Version: 0.3-a-52-g30416fa
     0 | D:1      | 0 ||| qw: Game counter: 5521
     0 | D:1      | 0 ||| qw: Melee chars always use a shield: true
     0 | D:1      | 0 ||| qw: God list: Okawaru
     0 | D:1      | 0 ||| qw: Allow faded altars: false
     0 | D:1      | 0 ||| qw: Do Orc after clearing Dungeon:15 true
     0 | D:1      | 0 ||| qw: Do second Lair branch before Depths: true
     0 | D:1      | 0 ||| qw: Lair rune preference: random
     0 | D:1      | 0 ||| qw: Goals: Normal
     0 | D:1      | 0 ||| PLANNING D:1-11
   241 | D:1      | Reached skill level 3 in Ranged Weapons
   304 | D:1      | Reached XP level 2. HP: 23/23 MP: 2/2
   651 | D:1      | 651 ||| READING scroll labelled OMUOMI ADGHU.
   752 | D:1      | 752 ||| READING 2 scrolls labelled LAEHOC ACROV.
   753 | D:1      | 753 ||| READING scroll labelled ZUANAKKOHA.
   754 | D:1      | 754 ||| DROPPING scroll of poison.
   835 | D:2      | Found a faded altar of an unknown god.
   949 | D:2      | Reached XP level 3. HP: 29/29 MP: 3/3
  1020 | D:2      | Reached skill level 4 in Ranged Weapons
  1118 | D:2      | HP: 7/29 [poisoned by an adder]
  1554 | D:2      | Reached XP level 4. HP: 33/36 MP: 4/4
  1665 | D:2      | 1665 ||| UPGRADING to +0 leather armour.
  1675 | D:2      | 1675 ||| DROPPING +0 robe.
  1676 | D:2      | 1676 ||| UPGRADING to +4 ring of protection.
  1677 | D:2      | 1677 ||| READING scroll labelled NEOKKA BOESAM.
  1677 | D:2      | Identified a scroll of acquirement
  1677 | D:2      | 1677 ||| ACQUIRING 418 gold pieces
  1677 | D:2      | Acquired 418 gold pieces
  1679 | D:2      | 1679 ||| READING 3 scrolls labelled ITARCH SISHA.
  1683 | D:2      | 1683 ||| READING 2 scrolls labelled QACYQE CUSHO.
  1684 | D:2      | 1684 ||| DROPPING scroll of immolation.
  1763 | D:3      | Noticed Ijyb
  1783 | D:3      | Killed Ijyb
  1784 | D:3      | Reached skill level 5 in Ranged Weapons
  1926 | D:3      | Found a large runed translucent door.
  1926 | D:3      | Found a large runed translucent door.
  1936 | D:3      | Noticed qw's ghost (amateur GrHs)
  2114 | D:3      | Noticed Sigmund
  2140 | D:3      | Killed Sigmund
  2141 | D:3      | Reached XP level 5. HP: 16/48 MP: 5/5
  2141 | D:3      | Reached XP level 6. HP: 19/56 MP: 6/6
  2504 | D:3      | 2504 ||| UPGRADING to +0 ring mail.
  2514 | D:3      | 2514 ||| DROPPING +0 leather armour.
  2515 | D:3      | 2515 ||| UPGRADING to +2 pair of boots.
  2520 | D:3      | 2520 ||| READING scroll labelled QAMEPEC NOGHAITI.
  2521 | D:3      | 2521 ||| DRINKING 2 sedimented clear potions.
  2522 | D:3      | 2522 ||| READING 2 scrolls of identify.
  2522 | D:3      | 2522 ||| IDENTIFYING yellow potion
  2829 | D:4      | Reached skill level 6 in Ranged Weapons
  3131 | D:4      | Reached XP level 7. HP: 59/61 MP: 7/7
  3194 | D:4      | Found a blossoming altar of Fedhas.
  3488 | D:4      | Noticed a steam dragon
  3490 | D:4      | 3490 ||| Stepping ~*~*~tactically~*~*~ (outnumbered).
  3503 | D:4      | HP: 2/61 [steam dragon/ball of steam (21)]
  3504 | D:4      | 3504 ||| READING 3 scrolls of teleportation.
  3505 | D:4      | 3505 ||| DRINKING potion of heal wounds.
  3508 | D:4      | HP: 8/61 [steam dragon] (3)]
  3514 | D:4      | 3514 ||| READING 2 scrolls of teleportation.
  3515 | D:4      | 3515 ||| FLEEEEING.
  3516 | D:4      | 3516 ||| FLEEEEING.
  3517 | D:4      | 3517 ||| FLEEEEING.
  3518 | D:4      | 3518 ||| FLEEEEING.
  3520 | D:4      | 3520 ||| FLEEEEING.
  3521 | D:4      | 3521 ||| FLEEEEING.
  3524 | D:4      | 3524 ||| READING scroll of teleportation.
  3869 | D:4      | HP: 6/61 [steam dragon/ball of steam (13)]
  3871 | D:4      | Killed a steam dragon
  3872 | D:4      | Reached skill level 7 in Ranged Weapons
  3872 | D:4      | 3872 ||| Stepping ~*~*~tactically~*~*~ (cloud).
  4093 | D:4      | 4093 ||| UPGRADING to +1 cloak.
  4098 | D:4      | 4098 ||| READING scroll labelled LORROM BEYSAO.
  4099 | D:4      | 4099 ||| DRINKING 2 sedimented sapphire potions.
  4100 | D:4      | 4100 ||| DRINKING 2 puce potions.
  4101 | D:4      | 4101 ||| READING 2 scrolls of identify.
  4101 | D:4      | 4101 ||| IDENTIFYING lumpy cyan potion
  4102 | D:4      | 4102 ||| DROPPING potion of invisibility.
  4103 | D:4      | 4103 ||| DROPPING potion of brilliance.
  4114 | D:5      | Entered Level 5 of the Dungeon
  4269 | D:5      | Noticed Blork the orc
  4278 | D:5      | Killed Blork the orc
  4372 | D:5      | Reached skill level 8 in Ranged Weapons
  4745 | D:5      | Found an ancient bone altar of Kikubaaqudgha.
  4748 | D:5      | Noticed a human
  4750 | D:5      | Killed a human
  4787 | D:5      | 4787 ||| DROPPING scarf of shadows.
  4788 | D:5      | 4788 ||| UPGRADING to ring of protection from fire.
  4789 | D:5      | 4789 ||| READING scroll labelled FOUNENW ECUHI.
  4823 | D:6      | 4823 ||| STAIRDANCE
  4826 | D:5      | Reached XP level 8. HP: 48/68 MP: 8/8
  4974 | D:6      | Reached skill level 9 in Ranged Weapons
  5120 | D:6      | Found a transporter.
  5239 | D:6      | Reached skill level 3 in Dodging
  5256 | D:6      | Reached skill level 6 in Fighting
  5256 | D:6      | HP: 17/70 [adder (3)]
  5261 | D:6      | HP: 12/70 [poisoned by an adder]
  5486 | D:6      | Found a transporter.
  5496 | D:6      | 5496 ||| READING scroll of enchant armour.
  5496 | D:6      | 5496 ||| ENCHANTING +1 cloak.
  5496 | D:6      | Noticed a cyan ugly thing
  5516 | D:6      | Found a one-way gate to the infinite horrors of the Abyss.
  5535 | D:6      | Identified the +3 battleaxe "Minyed" {drain, Str+3}
  5822 | D:6      | Noticed an ancient zyme
  5830 | D:6      | Noticed qw's ghost (novice MiHs)
  5914 | D:6      | 5914 ||| DROPPING amulet of magic regeneration.
  5915 | D:6      | 5915 ||| READING 3 scrolls of identify.
  5915 | D:6      | 5915 ||| IDENTIFYING coppery potion
  5916 | D:6      | 5916 ||| READING 2 scrolls of identify.
  5916 | D:6      | 5916 ||| IDENTIFYING sedimented grey potion
  5917 | D:6      | 5917 ||| DROPPING potion of attraction.
  5977 | D:7      | 5977 ||| DRINKING 2 potions of curing.
  5977 | D:7      | 5977 ||| (to cure confusion)
  5990 | D:7      | Reached skill level 10 in Ranged Weapons
  5993 | D:7      | Reached skill level 3 in Armour
  6130 | D:7      | Found a staircase to the Ecumenical Temple.
  6131 | D:7      | 6131 ||| PLANNING TEMPLE
  6141 | D:7      | 6141 ||| READING scroll labelled LISIOX JIYRU.
  6150 | Temple   | Entered the Ecumenical Temple
  6256 | Temple   | 6256 ||| PLANNING OKAWARU WORSHIP
  6353 | Temple   | Became a worshipper of Warmaster Okawaru
  6354 | Temple   | 6354 ||| PLANNING D:1-11
  6384 | D:7      | 6384 ||| READING scroll of enchant weapon.
  6384 | D:7      | 6384 ||| ENCHANTING +2 sling.
  6606 | D:7      | Reached XP level 9. HP: 79/79 MP: 9/9
  6893 | D:7      | 6893 ||| READING scroll labelled DUODIZOTEAN.
  6894 | D:7      | 6894 ||| READING scroll labelled SECYGH ZIRRO.
  6946 | D:8      | Reached skill level 11 in Ranged Weapons
  6963 | D:8      | Reached * piety under Okawaru
  6978 | D:8      | 6978 ||| FLEEEEING.
  6979 | D:8      | 6979 ||| FLEEEEING.
  6980 | D:8      | 6980 ||| FLEEEEING.
  6983 | D:8      | 6983 ||| FLEEEEING.
  6984 | D:8      | 6984 ||| FLEEEEING.
  6985 | D:8      | 6985 ||| FLEEEEING.
  6988 | D:8      | 6988 ||| FLEEEEING.
  6991 | D:8      | 6991 ||| FLEEEEING.
  6992 | D:8      | 6992 ||| FLEEEEING.
  6993 | D:8      | 6993 ||| FLEEEEING.
  6994 | D:8      | 6994 ||| FLEEEEING.
  6995 | D:8      | 6995 ||| STAIRDANCE
  7113 | D:8      | 7113 ||| INVOKING Heroism.
  7127 | D:8      | 7127 ||| STAIRDANCE
  7154 | D:8      | 7154 ||| SWAPPING to +0 shortbow.
  7155 | D:8      | 7155 ||| DROPPING +3 sling.
  7325 | D:8      | You fall into a shaft and drop 2 floors!
  7325 | D:10     | Entered Level 10 of the Dungeon
  7395 | D:10     | Noticed a two-headed ogre
  7404 | D:10     | HP: 19/79 [two-headed ogre/+0 giant club (23)]
  7404 | D:10     | HP: 4/79 [two-headed ogre/+0 giant club (15)]
  7405 | D:10     | 7405 ||| DRINKING 2 potions of heal wounds.
  7409 | D:10     | HP: 14/79 [two-headed ogre/+0 giant club (9)]
  7410 | D:10     | 7410 ||| DRINKING potion of heal wounds.
  7413 | D:10     | Slain by a two-headed ogre

Levels and vault maps discovered:
D:1:      dpeg_arrival_three_bigger_balls, layout_basic
D:2:      kennysheep_six_static_rooms, layout_basic,
          nicolae_ecumenical_lake_church
D:3:      layout_loops_ring, serial_glass, glass_columns_c, glass_columns_a,
          glass_columns_c, glass_columns_b, due_unseen_surprise,
          item_on_display_a, feat_on_display, ebering_ghost_disaster_area,
          feat_on_display, uniq_ijyb, uniq_sigmund
D:4:      layout_layer_cave, nicolae_overflow_crystal_walls
D:5:      layout_loops_ring, tgw_kikubaaqudgha, uniq_blork_the_orc
D:6:      layout_basic, gammafunk_ghost_abyssal_escape
D:7:      layout_cave_pools, temple_statues
D:8:      layout_basic, david_lair_shrubbed
D:10:     layout_loops_corners, marbit_many_paths, jmf_multi_god_temple2,
          serial_shops, nicolae_shop_temple_entry_statues_fountains, shop,
          chequers_avenue
Temple:   nicolae_temple_slightly_damp_pantheon

Skill      XL: |  1  2  3  4  5  6  7  8  9 |
---------------+----------------------------+-----
Ranged Weapons | 3 4 5 6 8 10 11 | 11.7
Fighting       | 2 5 7 |  7.0
Armour         | 2 3 |  3.1
Dodging        | 3 4 |  4.1
Spellcasting   | |  1.0
Hexes          | |  2.0

Action                     |  1- 3 |  4- 6 |  7- 9 || total
---------------------------+-------+-------+-------++-------
   Fire: Sling             |   100 |   148 |   323 ||   571
         Shortbow          |       |       |    36 ||    36
 Invoke: Heroism           |       |       |     1 ||     1
    Use: Scroll            |     3 |     5 |    13 ||    21
         Potion            |       |     1 |     6 ||     7
 Armour: Robe              |    10 |       |       ||    10
         Leather armour    |       |     6 |       ||     6
         Ring mail         |       |    28 |   185 ||   213
  Dodge: Dodged            |    36 |    49 |   224 ||   309

Table legend:
 A = Non-vault XP
 B = Vault XP
 C = Vault XP percentage of total XP
 D = Non-vault monster count
 E = Vault monster count
 F = Vault count percentage of total count
                 A         B        C        D         E       F
            +---------+---------+-------+---------+---------+-------
      Total |    3422 |     377 |   9.9 |     118 |       9 |   7.1
            +---------+---------+-------+---------+---------+-------
        D:1 |      13 |       0 |   0.0 |       7 |       0 |   0.0
        D:2 |      71 |      19 |  21.1 |      20 |       6 |  23.1
        D:3 |      28 |     267 |  90.5 |      10 |       2 |  16.7
        D:4 |     604 |       0 |   0.0 |      27 |       0 |   0.0
        D:5 |     259 |      91 |  26.0 |      14 |       1 |   6.7
        D:6 |     719 |       0 |   0.0 |      12 |       0 |   0.0
        D:7 |    1052 |       0 |   0.0 |      16 |       0 |   0.0
        D:8 |     670 |       0 |   0.0 |       8 |       0 |   0.0
       D:10 |       6 |       0 |   0.0 |       4 |       0 |   0.0
            +---------+---------+-------+---------+---------+-------
